Map: Divergence LE

Players

DeMiZe

  • Race: Terran Terran
  • Spawn Location: 5:00

politic

  • Race: Terran Terran
  • Spawn Location: 5:00

Massa

  • Race: Terran Terran
  • League: Gold
  • Spawn Location: 11:00

qqq

  • Race: Zerg Zerg
  • League: Platinum
  • Spawn Location: 11:00

VOD

Have the link to the VOD?

Description

Time

  • Played on: May 16, 2020, 5:20 a.m.
  • Length: 13:21
Show
View Real Time Build Order
Export as new Build Order

DeMiZe Terran 

Build Orders: 1/1/1 

Get SALT Encoding   

  12  0:16  Supply Depot  
  12  0:18  Refinery  
  12  0:20  SCV  
  13  0:43  Barracks  
  13  0:46  SCV  
  14  0:58  SCV  
  15  1:13  Refinery, SCV  
  16  1:35  Barracks Reactor  
  16  1:42  Factory  
  16  1:47  SCV  
  17  2:01  SCV  
  18  2:12  Reaper x2  
  18  2:13  SCV  
  21  2:25  SCV  
  21  2:27  Starport, Factory Tech Lab  
  22  3:06  Starport Tech Lab  
  22  3:10  Fusion Core  
  21  3:43  Command Center  
  21  3:44  Supply Depot  
  20  4:05  Battlecruiser  
  26  4:19  Weapon Refit  
  26  4:20  Orbital Command  
  26  4:45  Refinery  
  26  4:46  SCV  
  26  4:51  Refinery  
  27  4:54  Armory  
  27  4:58  SCV  
  26  5:43  Battlecruiser  
  13  6:40  SCV  
  14  6:50  SCV  
  14  6:52  SCV  
  16  7:02  SCV  
  16  7:04  SCV  
  18  7:14  SCV  
  19  7:16  SCV  
  20  7:28  SCV  
  21  7:40  SCV  
  22  7:45  SCV  
  23  7:52  SCV  
  23  7:57  SCV  
  25  8:09  SCV  
  25  8:23  SCV  
  26  8:39  SCV  
  27  8:42  Battlecruiser  
  33  9:01  SCV  
  34  9:13  SCV  
  35  9:18  Terran Vehicle And Ship Armor Level 1  
  35  9:25  SCV  
  35  9:28  Orbital Command  
  36  9:37  SCV  
  37  9:43  Thor  
  37  9:44  Marine x2  
  45  9:50  SCV  
  46  10:00  Supply Depot  
  46  10:13  SCV x2, Marine x2  
  50  10:25  SCV  
  51  10:31  Marine x2  
  53  10:37  SCV  
  53  10:39  Hellbat  
  56  10:49  Marine  
  58  10:50  SCV  
  58  11:01  Hellbat  
  58  11:02  SCV  
  61  11:10  Battlecruiser  
  67  12:07  Thor, Supply Depot  
  73  12:30  Supply Depot  
  72  12:53  Supply Depot  
Show
View Real Time Build Order
Export as new Build Order

politic Terran 

Build Orders:  

Get SALT Encoding   

  12  0:02  SCV  
  13  0:17  Supply Depot  
  13  0:19  SCV  
  14  0:26  Refinery  
  14  0:43  Barracks  
  14  0:45  SCV  
  15  1:04  SCV  
  16  1:12  Refinery  
  16  1:17  SCV  
  17  1:37  Barracks Reactor  
  17  1:40  SCV  
  17  1:42  Supply Depot  
  18  1:52  SCV, Factory  
  19  2:04  SCV  
  20  2:16  SCV  
  20  2:17  Reaper x2  
  23  2:28  SCV  
  24  2:38  Factory Tech Lab  
  24  2:41  Starport  
  24  2:48  Marine  
  24  2:49  Marine  
  26  3:02  Command Center  
  26  3:18  Siege Tank  
  26  3:19  Marine x2  
  29  3:37  Starport Tech Lab  
  29  3:38  Fusion Core  
  29  3:39  Marine x2  
  31  3:51  Supply Depot  
  31  4:13  SCV  
  32  4:29  Battlecruiser  
  38  4:33  Engineering Bay  
  38  4:36  SCV  
  39  4:48  Orbital Command, SCV  
  40  5:01  SCV  
  41  5:09  Refinery  
  41  5:12  Cyclone  
  41  5:13  SCV  
  45  5:25  SCV  
  46  5:30  Marine x2  
  45  5:48  Marine x2  
  41  6:01  Battlecruiser  
  47  6:06  Marine x2  
  46  6:24  Marine x2  
  46  6:28  SCV  
  40  6:40  SCV  
  40  6:42  Marine x2  
  43  6:52  SCV  
  44  6:59  Marine  
  44  7:00  Marine  
  46  7:04  SCV  
  46  7:06  Battlecruiser  
  53  7:16  SCV  
  54  7:38  SCV, Marine  
  56  7:50  SCV  
  57  8:12  Supply Depot  
  57  8:13  Supply Depot  
  57  8:24  Battlecruiser  
  62  9:08  SCV  
  63  9:20  SCV  
  64  9:28  Battlecruiser  
  70  9:33  SCV  
  71  9:45  SCV  
  72  9:57  SCV  
  73  10:09  SCV  
  73  10:14  Starport  
  74  10:16  Refinery  
  74  10:21  SCV  
  74  10:48  Weapon Refit  
  74  11:19  Battlecruiser  
  74  11:36  Starport Tech Lab  
  74  11:47  Command Center  
  74  12:03  Battlecruiser  
  80  12:11  Supply Depot x2  
  80  12:12  SCV  
  81  12:24  SCV  
  88  12:35  Supply Depot  
  88  12:36  Supply Depot  
Show
View Real Time Build Order
Export as new Build Order

Massa Terran 

Build Orders:  

Get SALT Encoding   

  12  0:13  SCV  
  13  0:15  Supply Depot  
  13  0:25  SCV  
  14  0:38  Barracks  
  14  0:39  SCV  
  15  0:51  SCV  
  16  1:03  Refinery, SCV  
  17  1:15  SCV  
  18  1:27  Supply Depot  
  18  1:37  Command Center  
  18  1:39  SCV  
  19  1:50  Supply Depot  
  19  1:51  SCV  
  19  1:53  Marine  
  21  2:03  SCV  
  22  2:11  Marine  
  23  2:24  Orbital Command  
  23  2:25  Factory  
  23  2:29  Marine  
  24  2:47  Marine  
  25  2:51  SCV  
  26  3:07  SCV  
  27  3:19  SCV  
  28  3:27  Marine  
  28  3:31  SCV  
  30  3:43  SCV  
  30  3:45  Marine  
  30  3:53  SCV  
  30  3:55  SCV  
  32  4:00  Barracks  
  32  4:01  Factory Tech Lab, Barracks  
  32  4:03  Marine  
  32  4:05  SCV  
  34  4:13  Engineering Bay  
  34  4:17  SCV x2  
  34  4:21  Marine  
  37  4:27  Refinery  
  37  4:29  SCV x2  
  39  4:34  Barracks  
  39  4:41  Refinery, SCV x2, Engineering Bay  
  39  4:42  Siege Tank  
  44  4:48  Marine  
  47  4:53  Barracks Tech Lab, SCV  
  47  4:55  Barracks Reactor  
  47  4:59  Terran Infantry Weapons Level 1  
  46  5:05  Missile Turret  
  46  5:06  Marine  
  47  5:11  SCV x2  
  49  5:14  Siege Tank  
  52  5:23  SCV  
  52  5:24  SCV  
  52  5:25  Marine, Missile Turret  
  52  5:26  Marine  
  52  5:27  Marine  
  47  5:42  Marine  
  47  5:43  Marine x2  
  47  5:44  Marine  
  47  5:45  Marine  
  47  5:47  Missile Turret  
  52  5:51  Combat Shield  
  52  6:00  Marine x2, Missile Turret  
  54  6:09  Supply Depot  
  54  6:14  Marine x3  
  57  6:18  Marine  
  57  6:21  Missile Turret  
  59  6:32  Marine x2, Supply Depot  
  61  6:35  Barracks Reactor  
  61  6:36  Marine  
  60  6:40  Barracks Reactor  
  60  6:41  Siege Tank  
  63  6:50  Marine x2  
  65  6:54  Marine  
  65  6:55  Supply Depot  
  65  7:01  Missile Turret  
  63  7:10  Stimpack  
  63  7:21  Missile Turret  
  60  7:26  Marine x4  
  60  7:27  Marine x3  
  54  7:44  Marine x6  
  54  7:45  Marine, Missile Turret  
  54  7:49  Barracks  
  61  7:54  Missile Turret  
  61  7:59  Cyclone  
  61  8:02  Marine x7  
  71  8:05  Missile Turret  
  71  8:08  Terran Infantry Armor Level 1  
  71  8:14  Missile Turret  
  71  8:19  Marine  
  71  8:20  Marine x6  
  74  8:31  Cyclone  
  77  8:37  Marine x2  
  77  8:38  Marine x5, Missile Turret  
  82  8:41  Missile Turret  
  79  8:55  Marine x4  
  80  8:56  Marine x2  
  80  9:01  Missile Turret  
  86  9:05  Supply Depot  
  86  9:06  Marine  
  86  9:07  Barracks Reactor  
  86  9:14  Marine  
  84  9:23  Marine  
  84  9:24  Marine  
  86  9:26  Marine x4  
  86  9:28  Supply Depot  
  87  9:32  Marine  
  88  9:41  Marine x2  
  88  9:43  Starport  
  88  9:44  Starport, Marine x4  
  94  9:50  Marine  
  94  9:51  Supply Depot  
  95  9:54  Orbital Command  
  95  9:58  Missile Turret  
  95  9:59  Marine x2  
  97  10:15  Supply Depot  
  97  10:18  Armory, Missile Turret  
  97  10:21  Starport  
  97  10:23  Starport Reactor x2  
  97  10:38  Supply Depot  
  91  11:02  Supply Depot  
  72  11:26  Thor  
  78  11:37  Command Center  
  77  11:41  Missile Turret  
  69  11:54  Marauder, Marine  
  71  12:01  Missile Turret  
  72  12:03  Medivac  
  74  12:09  Thor  
  82  12:15  Marauder  
  82  12:20  SCV  
  82  12:22  Missile Turret  
  83  12:32  SCV  
  83  12:34  Viking  
  83  12:35  Viking  
  88  12:41  Missile Turret  
  88  12:44  SCV  
  89  12:57  SCV  
  90  13:03  Missile Turret  
  81  13:09  SCV  
Show
View Real Time Build Order
Export as new Build Order

qqq Zerg 

Build Orders: Hatch First 

Get SALT Encoding   

  12  0:02  Drone  
  13  0:08  Drone  
  14  0:39  Hatchery  
  13  0:55  Spawning Pool  
  12  1:06  Drone  
  12  1:07  Overlord  
  13  1:15  Drone  
  14  1:28  Drone, Extractor  
  14  1:29  Drone  
  15  1:41  Drone  
  15  1:42  Queen  
  18  2:05  Drone  
  18  2:06  Drone  
  20  2:12  Overlord  
  20  2:13  Drone x2  
  22  2:30  Drone  
  22  2:31  Queen  
  22  2:33  Drone  
  22  2:35  Drone x2  
  28  2:55  Drone x2  
  28  2:58  Lair  
  30  2:59  Drone  
  30  3:00  Drone  
  30  3:01  Drone  
  32  3:15  Zergling x2  
  30  3:26  Drone  
  31  3:27  Drone  
  31  3:28  Zergling x2  
  31  3:30  Zergling x2  
  33  3:35  Drone x3  
  33  3:36  Overlord  
  36  3:51  Overlord  
  36  4:01  Drone  
  37  4:04  Evolution Chamber  
  37  4:07  Evolution Chamber  
  35  4:11  Hatchery, Metabolic Boost  
  35  4:12  Nydus Network  
  33  4:18  Drone  
  33  4:19  Drone x2  
  33  4:22  Extractor  
  36  4:31  Drone, Zergling x2  
  36  4:32  Zergling x6  
  36  4:38  Drone x2  
  42  4:43  Zergling x2  
  42  4:45  Drone  
  44  4:50  Drone x2  
  44  4:51  Drone, Extractor  
  46  5:05  Nydus Canal  
  46  5:09  Zergling x8  
  46  5:10  Zergling x2  
  46  5:12  Drone  
  52  5:41  Zergling x6  
  52  5:42  Drone x2, Zergling x2  
  56  5:43  Drone  
  52  5:58  Zergling x2  
  52  5:59  Drone x4  
  52  6:00  Zergling x2  
  55  6:17  Zergling x4  
  55  6:18  Drone x3  
  52  6:36  Hatchery  
  52  6:38  Lair  
  48  6:43  Spawning Pool, Queen  
  48  6:44  Drone x2  
  48  6:45  Drone  
  52  6:53  Spore Crawler  
  50  6:55  Spore Crawler x2  
  50  6:57  Hatchery, Spore Crawler  
  50  6:59  Spore Crawler  
  45  7:10  Drone  
  45  7:11  Drone x4  
  50  7:18  Drone x2  
  48  7:40  Drone  
  48  7:41  Drone x2  
  50  7:45  Zergling x2  
  50  7:46  Zergling x2  
  51  7:53  Zergling x8  
  51  7:54  Zergling x2  
  51  7:57  Nydus Canal  
  51  8:06  Extractor, Drone  
  49  8:13  Spire  
  47  8:22  Zergling x8  
  47  8:23  Drone x2  
  47  8:24  Drone  
  52  8:27  Extractor, Hatchery  
  52  8:33  Drone  
  51  8:37  Baneling Nest  
  51  8:41  Spore Crawler  
  48  8:43  Spore Crawler x2  
  48  8:45  Drone x2, Spore Crawler  
  48  8:47  Spore Crawler x2  
  48  8:48  Drone  
  46  8:49  Queen  
  48  8:55  Zerg Melee Weapons Level 1  
  48  9:15  Drone  
  48  9:16  Spore Crawler  
  48  9:21  Overlord x3  
  48  9:22  Drone  
  49  9:40  Drone x4  
  49  9:41  Drone x4  
  57  9:46  Spore Crawler  
  57  9:47  Spore Crawler  
  57  9:49  Spore Crawler  
  54  9:58  Spore Crawler  
  53  10:00  Spore Crawler  
  53  10:01  Drone x2  
  53  10:02  Drone  
  53  10:04  Spore Crawler  
  54  10:08  Drone  
  54  10:09  Drone x7  
  62  10:22  Corruptor  
  62  10:24  Drone x2  
  66  10:32  Drone  
  66  10:33  Drone x3, Corruptor  
  66  10:34  Mutalisk  
  74  10:49  Pneumatized Carapace  
  74  10:54  Overlord  
  74  10:55  Overlord x4  
  74  11:05  Zerg Flyer Weapons Level 1  
  74  11:11  Overseer  
  74  11:15  Drone x2  
  74  11:16  Mutalisk x2  
  74  11:17  Mutalisk  
  82  11:20  Queen  
  82  11:25  Drone x4  
  88  11:28  Spore Crawler  
  88  11:29  Spore Crawler  
  88  11:30  Drone, Spore Crawler x2  
  85  11:36  Corruptor x2  
  89  11:48  Corruptor x3  
  95  12:06  Corruptor x3  
  102  12:08  Drone x3  
  102  12:09  Drone x6  
  110  12:21  Spore Crawler  
  110  12:22  Drone  
  110  12:25  Corruptor  
  110  12:26  Overlord  
  110  12:27  Overlord x4  
  112  12:46  Corruptor x3  
  112  12:47  Corruptor x2  
Tags
 
Add a new tag
Caveats
  • Supply blocks, unpowered buildings, or Contaminate may cause inaccurate times.
  • Supply counts are checked every 10 seconds.